[Event "Titled Tuesday Blitz July 18 Early 2023"]
[White "Tarasova, Viktoriya"]
[Black "campochess"]
[WhiteFideId "4175840"]
[WhiteElo "2357"]
[BlackElo "2133"]
[Result "1-0"]
[Round "9"]
[TimeControl "180+2"]
[Date "2023.07.18"]
[WhiteClock "0:00:05"]
[BlackClock "0:00:03"]
[Board "141"]

1. d4 Nf6 2. c4 c5 3. d5 b5 4. cxb5 a6 5. bxa6 g6 6. Nc3 Bxa6 7. Nf3 Bg7 8. e4 Bxf1 9. Kxf1 d6 10. g3 Nbd7 11. Kg2 O-O 12. Re1 Ng4 13. a4 Qb6 14. Qe2 Rfb8 15. Nb5 Qb7 16. Ra3 Nb6 17. b3 Nd7 18. Nd2 Ngf6 19. Nc4 Ne8 20. Bb2 Bxb2 21. Qxb2 Nb6 22. Qd2 Nxc4 23. bxc4 Qd7 24. e5 Qf5 25. exd6 exd6 26. Rf3 Qd7 27. a5 Rxb5 28. cxb5 Qxb5 29. Re7 Qb1 30. Rfxf7 Qa1 31. Rxh7 Qf6 32. Qh6 c4 33. Qe3 c3 34. Rh4 Ng7 35. Rc4 Nf5 36. Re8+ Rxe8 37. Qxe8+ Kg7 38. Qc6 Nd4 39. Qc7+ Kh6 40. Rxc3 Qf5 41. Re3 Qxd5+ 42. f3 Nf5 43. Re2 Qd3 44. Rf2 Ne3+ 45. Kh3 Qf5+ 46. g4 Qf4 47. Qc1 Nxg4 48. Qxf4+ g5 49. Qxg4 d5 50. a6 d4 51. a7 d3 52. a8=Q d2 53. Qc6+ 1-0


[Site "https://www.chess.com"]

[Event "Titled Tuesday Blitz July 18 Early 2023"]
[White "Ishowmoves57"]
[Black "Dwilewicz, Katarzyna"]
[BlackFideId "1148486"]
[WhiteElo "2137"]
[BlackElo "2323"]
[Result "0-1"]
[Round "9"]
[TimeControl "180+2"]
[Date "2023.07.18"]
[WhiteClock "0:00:02"]
[BlackClock "0:00:06"]
[Board "142"]

1. e4 c5 2. Nf3 d6 3. b3 Nc6 4. Bb2 Nf6 5. e5 dxe5 6. Nxe5 Nxe5 7. Bxe5 Qd5 8. Bb5+ Nd7 9. Bb2 Qxg2 10. Rf1 a6 11. Be2 Qxh2 12. Nc3 Nf6 13. Na4 Bh3 14. Nb6 Rd8 15. Bf3 Bxf1 16. Kxf1 e6 17. Qe2 Be7 18. Be5 Qh3+ 19. Bg2 Qh5 20. Qxh5 Nxh5 21. Bxb7 f6 22. Bh2 Kf7 23. Bxa6 Bd6 24. Bxd6 Rxd6 25. Be2 Rxb6 26. Bxh5+ g6 27. Be2 h5 28. a4 g5 29. a5 Rb7 30. a6 Ra7 31. Bc4 Rd8 32. Re1 Rd6 33. Kg2 Re7 34. d3 Kg6 35. Ra1 Ra7 36. Re1 e5 37. Ra1 f5 38. Ra5 Rc6 39. Bd5 Raxa6 40. Rb5 Rc7 41. Bc4 Rf6 42. Rb8 g4 43. Rg8+ Rg7 44. Rc8 f4 45. Rxc5 Re7 46. Rc8 h4 47. Rg8+ Rg7 48. Rh8 Rh7 49. Rg8+ Rg7 50. Rh8 Kg5 51. Bd5 f3+ 52. Kf1 Kf4 53. Be4 Kg5 54. Re8 Ra7 55. Rh8 Ra1# 0-1


[Site "https://www.chess.com"]

[Event "Titled Tuesday Blitz July 18 Early 2023"]
[White "Castillo Pena, Patricia Evarista"]
[Black "Travadon, Loic"]
[WhiteFideId "6412106"]
[BlackFideId "26092131"]
[WhiteElo "1865"]
[BlackElo "2308"]
[Result "1-0"]
[Round "9"]
[TimeControl "180+2"]
[Date "2023.07.18"]
[WhiteClock "0:00:46"]
[BlackClock "0:00:00"]
[Board "143"]

1. d4 d5 2. Nf3 Nf6 3. e3 c5 4. Bd3 Nc6 5. b3 cxd4 6. exd4 e6 7. Bb2 Bd6 8. O-O O-O 9. Nbd2 b6 10. Ne5 Bb7 11. a3 Qc7 12. Qe2 Ne7 13. c4 Nf5 14. Rac1 Qe7 15. c5 bxc5 16. dxc5 Bxc5 17. b4 Bd6 18. Ng4 d4 19. Bxf5 exf5 20. Qxe7 Bxe7 21. Ne5 Ba6 22. Rfe1 Bd6 23. Nec4 Bxc4 24. Nxc4 Ne4 25. Nxd6 Nxd6 26. Bxd4 Nb5 27. Bc5 Nxa3 28. Bxf8 Rxf8 29. Rc7 a6 30. Ra7 Nc2 31. Rb1 Rd8 32. h4 g6 33. Rxa6 Rd4 34. b5 Nb4 35. Ra8+ Kg7 36. b6 Nc6 37. b7 Rxh4 38. b8=Q Nxb8 39. Raxb8 Re4 40. R8b7 h5 41. g3 h4 42. Kg2 hxg3 43. fxg3 f4 44. gxf4 Rxf4 45. Rf1 Rxf1 46. Kxf1 Kf6 47. Kf2 Ke6 48. Kf3 g5 49. Kg4 f6 50. Rb6+ Ke7 51. Kf5 g4 52. Rxf6 1-0


[Site "https://www.chess.com"]

[Event "Titled Tuesday Blitz July 18 Early 2023"]
[White "Torres Hernandez, Leslie Carolin"]
[Black "Stork, Oliver"]
[WhiteFideId "8400504"]
[BlackFideId "12955728"]
[WhiteElo "2270"]
[BlackElo "2429"]
[Result "1-0"]
[Round "9"]
[TimeControl "180+2"]
[Date "2023.07.18"]
[WhiteClock "0:00:49"]
[BlackClock "0:00:00"]
[Board "144"]

1. e4 c5 2. Nf3 d6 3. Bb5+ Bd7 4. Bxd7+ Qxd7 5. O-O Nc6 6. c3 d5 7. e5 e6 8. d4 Rc8 9. Re1 cxd4 10. cxd4 Nge7 11. Nc3 Nf5 12. a3 Be7 13. Qd3 O-O 14. b4 a6 15. Bb2 f6 16. exf6 Bxf6 17. Na4 Ncxd4 18. Nxd4 Bxd4 19. Bxd4 Nxd4 20. Nb6 Qb5 21. Qxd4 Rc2 22. f3 Qe8 23. Nxd5 Qg6 24. Ne3 Rb2 25. Qxb2 1-0


[Site "https://www.chess.com"]

[Event "Titled Tuesday Blitz July 18 Early 2023"]
[White "Quirke, Jeffrey"]
[Black "Goswami, Vedant"]
[WhiteFideId "2013029"]
[BlackFideId "5003725"]
[WhiteElo "2227"]
[BlackElo "2380"]
[Result "0-1"]
[Round "9"]
[TimeControl "180+2"]
[Date "2023.07.18"]
[WhiteClock "0:00:40"]
[BlackClock "0:01:40"]
[Board "145"]

1. c4 c6 2. g3 d5 3. Bg2 Nf6 4. Nf3 g6 5. O-O Bg7 6. d4 O-O 7. cxd5 cxd5 8. Nc3 Ne4 9. Bf4 Nc6 10. Rc1 Bg4 11. Qb3 Bxf3 12. exf3 Nxd4 13. Qxd5 Ne2+ 14. Kh1 N4xc3 15. Qxd8 Rfxd8 16. bxc3 Nxc1 17. Rxc1 Rac8 18. c4 Rd4 19. Bf1 e6 20. Be3 Rd7 21. h4 Bd4 22. Rd1 Rcd8 23. Bg5 f6 24. Be3 Bxe3 25. Rxd7 Rxd7 26. fxe3 Rd2 0-1


[Site "https://www.chess.com"]

[Event "Titled Tuesday Blitz July 18 Early 2023"]
[White "Romero Ruscalleda, Josep"]
[Black "Novikova, Margarita"]
[WhiteFideId "2231859"]
[BlackFideId "14109689"]
[WhiteElo "2371"]
[BlackElo "2188"]
[Result "1-0"]
[Round "9"]
[TimeControl "180+2"]
[Date "2023.07.18"]
[WhiteClock "0:01:40"]
[BlackClock "0:01:02"]
[Board "146"]

1. e4 e5 2. Nf3 Nc6 3. Bc4 Bc5 4. c3 Nf6 5. d4 exd4 6. e5 Ne4 7. cxd4 Bb4+ 8. Nbd2 d5 9. Bd3 Bg4 10. O-O Nxd2 11. Bxd2 Bxd2 12. Qxd2 Bxf3 13. gxf3 Nxd4 14. Qf4 Qh4 15. Qg3 Qxg3+ 16. fxg3 O-O 17. f4 g6 18. Rfd1 c5 19. Rac1 b6 20. b4 Rac8 21. Ba6 Rc7 22. Rxd4 f6 23. Rxd5 fxe5 24. Rxe5 Rd8 25. bxc5 Rcd7 26. Bc4+ Kg7 27. cxb6 1-0


[Site "https://www.chess.com"]

[Event "Titled Tuesday Blitz July 18 Early 2023"]
[White "Lisjak, Zlatko"]
[Black "Rodriguez Santiago, Jaime"]
[WhiteFideId "14502186"]
[BlackFideId "3100898"]
[WhiteElo "2156"]
[BlackElo "2357"]
[Result "0-1"]
[Round "9"]
[TimeControl "180+2"]
[Date "2023.07.18"]
[WhiteClock "0:00:00"]
[BlackClock "0:00:41"]
[Board "147"]

1. d4 Nf6 2. Nc3 d5 3. Bf4 a6 4. e3 c5 5. Qd2 Nc6 6. O-O-O Bf5 7. f3 e6 8. g4 Bg6 9. h4 h5 10. Bd3 Bxd3 11. Qxd3 cxd4 12. exd4 hxg4 13. fxg4 Nxg4 14. Nf3 Nf2 15. Qe2 Nxd1 16. Qxd1 Qf6 17. Bg5 Qf5 18. Rf1 f6 19. Bd2 O-O-O 20. Ne5 Qh5 21. Nxc6 Qxd1+ 22. Rxd1 bxc6 23. Ne2 Rxh4 24. Ba5 Rd7 25. Nc3 Rh2 26. Na4 Kb7 27. Re1 Bd6 28. Rxe6 Bf4+ 29. Kd1 Bd6 30. b3 g5 31. Rxf6 g4 32. Rg6 g3 33. Be1 g2 34. Rg8 Rh1 35. Rxg2 Re7 36. Re2 Rf7 37. Kd2 Bf4+ 38. Kd3 Rh3+ 0-1


[Site "https://www.chess.com"]

[Event "Titled Tuesday Blitz July 18 Early 2023"]
[White "Davidson, Kevin"]
[Black "Guevara Sanchez, Erick Marvin"]
[WhiteFideId "2056810"]
[BlackFideId "6700136"]
[WhiteElo "2349"]
[BlackElo "2128"]
[Result "0-1"]
[Round "9"]
[TimeControl "180+2"]
[Date "2023.07.18"]
[WhiteClock "0:00:00"]
[BlackClock "0:01:21"]
[Board "148"]

1. e4 c5 2. Nf3 Nc6 3. d4 cxd4 4. Nxd4 g6 5. Be3 Bg7 6. c4 Nf6 7. Nc3 d6 8. Be2 O-O 9. O-O Bd7 10. Nc2 Rc8 11. f3 Ne5 12. Na3 a6 13. Qd2 Qc7 14. Rac1 Rfd8 15. Rfe1 Be6 16. Bf1 Qb8 17. Bb6 Re8 18. Nd5 Bxd5 19. exd5 Nfd7 20. Bd4 Nc5 21. h3 a5 22. f4 Ned7 23. Bxg7 Kxg7 24. Qxa5 b6 25. Qc3+ Nf6 26. Nb5 Qa8 27. a3 Qa4 28. Qd4 Nb3 29. Qxb6 Nxc1 30. Rxc1 Qb3 31. Qd4 Kg8 32. Qc3 Qa4 33. Qd2 Qa6 34. Nd4 Qb6 35. Kh2 Ne4 36. Qd3 f5 0-1


[Site "https://www.chess.com"]

[Event "Titled Tuesday Blitz July 18 Early 2023"]
[White "Horokoskii"]
[Black "Nithyalakshmi, Sivanesan"]
[BlackFideId "5706955"]
[WhiteElo "2124"]
[BlackElo "2337"]
[Result "0-1"]
[Round "9"]
[TimeControl "180+2"]
[Date "2023.07.18"]
[WhiteClock "0:00:52"]
[BlackClock "0:00:23"]
[Board "149"]

1. d4 Nf6 2. c4 c5 3. d5 b5 4. cxb5 a6 5. bxa6 Bxa6 6. Nc3 d6 7. e4 Bxf1 8. Kxf1 g6 9. g3 Bg7 10. Kg2 O-O 11. Nf3 Nbd7 12. a4 Qb6 13. Qe2 Rfb8 14. Bd2 Qa6 15. Nb5 Ng4 16. h3 Nge5 17. Nxe5 Bxe5 18. f4 Bxb2 19. Ra2 Bg7 20. Bc3 Qc8 21. Bxg7 Kxg7 22. Rha1 Ra5 23. Qd3 Rba8 24. Nc3 Nb6 25. h4 Qd7 26. Qc2 f5 27. exf5 Qxf5 28. Qxf5 gxf5 29. Rb1 Nxa4 30. Rba1 Nxc3 31. Rxa5 Rxa5 32. Rxa5 Nxd5 33. Ra7 Kf6 34. Kf3 c4 35. Ra8 Nc3 36. Ke3 d5 37. Kd4 Ne2+ 38. Kxd5 c3 39. Rc8 Kg6 40. Ke5 e6 41. Kxe6 c2 42. h5+ Kxh5 43. Kxf5 Nxg3+ 44. Ke6 Ne2 45. f5 Nf4+ 46. Ke5 Nd3+ 47. Ke4 c1=Q 48. Rxc1 Nxc1 49. Ke5 Nd3+ 50. Ke6 Nf4+ 51. Ke7 Kg5 52. f6 Ng6+ 53. Ke6 h5 54. f7 h4 55. f8=Q Nxf8+ 56. Ke5 Kg4 57. Ke4 Kg3 58. Ke3 h3 59. Ke2 Kg2 0-1


[Site "https://www.chess.com"]

[Event "Titled Tuesday Blitz July 18 Early 2023"]
[White "kiwibobo"]
[Black "Johnson, Ben"]
[BlackFideId "2010917"]
[WhiteElo "2308"]
[BlackElo "2120"]
[Result "1-0"]
[Round "9"]
[TimeControl "180+2"]
[Date "2023.07.18"]
[WhiteClock "0:00:40"]
[BlackClock "0:00:09"]
[Board "150"]

1. e4 c5 2. Nf3 g6 3. d4 cxd4 4. Nxd4 Nc6 5. Nc3 Bg7 6. Be3 Nf6 7. Nxc6 bxc6 8. e5 Nd5 9. Nxd5 cxd5 10. Qxd5 Rb8 11. O-O-O O-O 12. Bxa7 Rb4 13. Bc5 Ra4 14. Bb5 Ra5 15. Bb4 Ra7 16. Qc5 Rb7 17. Ba6 Rb8 18. Ba5 Qe8 19. Bxc8 Qxc8 20. Qxc8 Rfxc8 21. Bc3 Bh6+ 22. Bd2 Bg7 23. Bf4 g5 24. Bg3 h5 25. h4 Bh6 26. hxg5 Bxg5+ 27. Kb1 Kg7 28. Rxh5 Kg6 29. Rdh1 Bd2 30. f4 e6 31. Rg5# 1-0


[Site "https://www.chess.com"]

[Event "Titled Tuesday Blitz July 18 Early 2023"]
[White "Tqebuchava, Zurab"]
[Black "Schut, Han"]
[WhiteFideId "13601113"]
[BlackFideId "1005561"]
[WhiteElo "2113"]
[BlackElo "2298"]
[Result "1/2-1/2"]
[Round "9"]
[TimeControl "180+2"]
[Date "2023.07.18"]
[WhiteClock "0:00:16"]
[BlackClock "0:00:10"]
[Board "151"]

1. e4 c5 2. Nf3 d6 3. Bb5+ Bd7 4. Bxd7+ Qxd7 5. O-O Nf6 6. Re1 e6 7. c3 Nc6 8. d4 cxd4 9. Nxd4 a6 10. Bg5 Be7 11. Na3 b5 12. Nac2 Ne5 13. Qe2 O-O 14. Rad1 Rac8 15. h3 Rfd8 16. Nf3 Qc7 17. Nxe5 dxe5 18. Bxf6 Bxf6 19. Rxd8+ Rxd8 20. Rd1 Be7 21. Rxd8+ Qxd8 22. Ne1 f6 23. Qd3 Qc7 24. Qe2 g6 25. Qd3 Kf7 26. Nc2 Qc6 27. Ne3 h5 28. Kh2 Bc5 29. f3 Kg7 30. Nc2 Be7 31. Ne3 g5 32. Qd2 Bc5 33. Nc2 Bb6 34. Ne3 Qc5 35. Qd7+ Kh6 36. Qf7 Qxe3 37. Qxf6+ Kh7 38. Qf7+ Kh8 39. Qf8+ Kh7 40. Qf7+ Kh8 41. Qf8+ Kh7 42. Qf7+ 1/2-1/2


[Site "https://www.chess.com"]

[Event "Titled Tuesday Blitz July 18 Early 2023"]
[White "Ziatdinov, Raset"]
[Black "Floresvillar Gonzalez, Luis Migu"]
[WhiteFideId "2015323"]
[BlackFideId "5100542"]
[WhiteElo "2290"]
[BlackElo "2079"]
[Result "1-0"]
[Round "9"]
[TimeControl "180+2"]
[Date "2023.07.18"]
[WhiteClock "0:01:04"]
[BlackClock "0:00:23"]
[Board "152"]

1. e4 d6 2. d4 Nf6 3. Nc3 g6 4. f3 c6 5. Be3 b5 6. Qd2 Bb7 7. g4 h5 8. g5 Nfd7 9. h4 Nb6 10. f4 Bg7 11. O-O-O Nc4 12. Bxc4 bxc4 13. f5 Nd7 14. Nh3 Qa5 15. Kb1 gxf5 16. exf5 Qxf5 17. Nf4 e5 18. Nfe2 d5 19. Rhf1 Qe6 20. dxe5 Nxe5 21. Nd4 Qg4 22. Nf5 Bf8 23. Bd4 Nf3 24. Qe2+ Kd7 25. Bxh8 Re8 26. Qxf3 Qxf3 27. Rxf3 Bb4 28. Bg7 a5 29. a3 Bc5 30. Rff1 d4 31. Na4 Bxa3 32. bxa3 d3 33. Nc5+ Kc7 34. Nxb7 dxc2+ 35. Kxc2 Kxb7 36. Nd6+ 1-0


[Site "https://www.chess.com"]

[Event "Titled Tuesday Blitz July 18 Early 2023"]
[White "Wang, Alexander J"]
[Black "Nan M K Khine Hlyan"]
[WhiteFideId "30955270"]
[BlackFideId "13002899"]
[WhiteElo "2287"]
[BlackElo "1762"]
[Result "1-0"]
[Round "9"]
[TimeControl "180+2"]
[Date "2023.07.18"]
[WhiteClock "0:00:33"]
[BlackClock "0:01:07"]
[Board "153"]

1. e4 e5 2. Nf3 Nc6 3. Bb5 Bc5 4. O-O Nf6 5. Nc3 O-O 6. d3 h6 7. h3 a6 8. Bxc6 dxc6 9. Nxe5 Bd4 10. Nf3 Bxc3 11. bxc3 Nh7 12. Ba3 Re8 13. Nd4 Qf6 14. Qf3 Qg6 15. Nf5 Ng5 16. Qg4 Bxf5 17. exf5 Qf6 18. h4 Nh7 19. Bb2 Re5 20. c4 Qxf5 21. Qg3 f6 22. Bxe5 fxe5 23. Rab1 b6 24. Rbe1 Re8 25. d4 e4 26. Qxc7 Nf6 27. Qxc6 Qg4 28. Re3 Kh7 29. Rg3 Qxh4 30. Re1 Nh5 31. Qxe8 Nxg3 32. fxg3 Qxg3 33. Qxe4+ Kg8 34. Rf1 Qb8 35. Qd5+ Kh7 36. Qf5+ Kg8 37. Qf7+ Kh7 38. d5 Qe5 39. Qf5+ Qxf5 40. Rxf5 1-0


[Site "https://www.chess.com"]

[Event "Titled Tuesday Blitz July 18 Early 2023"]
[White "ogpin"]
[Black "Martin, Lewis"]
[BlackFideId "410551"]
[WhiteElo "2075"]
[BlackElo "2268"]
[Result "0-1"]
[Round "9"]
[TimeControl "180+2"]
[Date "2023.07.18"]
[WhiteClock "0:00:06"]
[BlackClock "0:01:54"]
[Board "154"]

1. e4 c5 2. d4 cxd4 3. c3 d3 4. Bxd3 Nc6 5. Nf3 d6 6. Be3 Nf6 7. h3 g6 8. O-O Bg7 9. Qd2 O-O 10. a4 Qc7 11. Na3 a6 12. Nc4 Be6 13. Nb6 Rad8 14. c4 Ne5 15. Nxe5 dxe5 16. Nd5 Nxd5 17. cxd5 Bc8 18. Rfc1 Qd7 19. Bb6 Rde8 20. Rc7 Qd6 21. a5 e6 22. Bc4 exd5 23. Qxd5 Qb4 24. Bc5 Qxb2 25. Ra2 Qc1+ 26. Kh2 Be6 27. Qxe6 Rxe6 28. Bxf8 Bxf8 29. Bxe6 Qxc7 30. Bd5 b5 31. axb6 Qxb6 32. Rc2 Kg7 33. Rc6 Qxf2 34. Rc7 Bc5 35. h4 Qxh4# 0-1


[Site "https://www.chess.com"]

[Event "Titled Tuesday Blitz July 18 Early 2023"]
[White "Kiseljova, Marya"]
[Black "Cardozo Munar, Carlos Eduardo"]
[WhiteFideId "4155009"]
[BlackFideId "4409477"]
[WhiteElo "2139"]
[BlackElo "2255"]
[Result "0-1"]
[Round "9"]
[TimeControl "180+2"]
[Date "2023.07.18"]
[WhiteClock "0:00:09"]
[BlackClock "0:00:15"]
[Board "155"]

1. d4 d5 2. c4 e5 3. dxe5 d4 4. Nf3 Nc6 5. Nbd2 Bg4 6. h3 Bh5 7. g4 Bg6 8. Nb3 Bb4+ 9. Bd2 Qe7 10. a3 Bxd2+ 11. Qxd2 O-O-O 12. Bg2 Nxe5 13. O-O h5 14. g5 f6 15. gxf6 Nxf6 16. Qg5 Nxf3+ 17. Bxf3 Bc2 18. Na5 c6 19. Rac1 Be4 20. b4 d3 21. exd3 Bxf3 22. Qf5+ Qd7 23. Qxf3 Qxd3 24. Qg2 Qe4 25. Qg3 h4 26. Qg5 Rh5 27. Qe3 Rd3 28. Qxe4 Nxe4 29. Kh2 Rf5 30. f4 Rxa3 31. Rce1 Nd2 32. Re8+ Kd7 33. Rg8 Nxf1+ 34. Kh1 Rxf4 35. Rxg7+ Ke6 36. Nxb7 Ng3+ 37. Kg2 Ra2+ 38. Kg1 Rf1# 0-1


[Site "https://www.chess.com"]

[Event "Titled Tuesday Blitz July 18 Early 2023"]
[White "Gyulamiryan-koryun"]
[Black "ArchibaldCerveza29"]
[WhiteElo "1877"]
[BlackElo "2440"]
[Result "1-0"]
[Round "9"]
[TimeControl "180+2"]
[Date "2023.07.18"]
[WhiteClock "0:01:24"]
[BlackClock "0:00:30"]
[Board "156"]

1. c4 e5 2. Nc3 Nc6 3. g3 g6 4. Bg2 Bg7 5. e3 d6 6. Nge2 Nge7 7. O-O h5 8. h4 Bg4 9. b3 O-O 10. Bb2 Kh7 11. d3 f5 12. Qd2 a5 13. a3 Qd7 14. Rfe1 f4 15. exf4 exf4 16. Nxf4 Nf5 17. Ne4 Nfd4 18. Ng5+ Kg8 19. Bd5+ Rf7 20. Nxf7 Nf3+ 21. Bxf3 Bxf3 22. Ng5 Bxb2 23. Qxb2 Ne5 24. d4 1-0


[Site "https://www.chess.com"]

[Event "Titled Tuesday Blitz July 18 Early 2023"]
[White "Clawitter, Craig"]
[Black "Lohani, Sujana"]
[WhiteFideId "2023105"]
[BlackFideId "12311987"]
[WhiteElo "2265"]
[BlackElo "1937"]
[Result "1-0"]
[Round "9"]
[TimeControl "180+2"]
[Date "2023.07.18"]
[WhiteClock "0:00:20"]
[BlackClock "0:00:00"]
[Board "157"]

1. e4 c5 2. Nf3 Nc6 3. d4 cxd4 4. Nxd4 g6 5. Nc3 Bg7 6. Be3 Nf6 7. Bc4 O-O 8. Bb3 d6 9. f3 Bd7 10. Qd2 Nxd4 11. Bxd4 a6 12. O-O-O b5 13. h4 h5 14. Nd5 Nxd5 15. Bxg7 Kxg7 16. Bxd5 Rc8 17. g4 hxg4 18. h5 Rh8 19. Qf4 e6 20. hxg6 Qf6 21. Qxd6 exd5 22. Qxd7 Rhd8 23. Rh7+ Kxg6 24. Qxg4+ Kxh7 25. Rh1+ Qh6+ 26. Rxh6+ Kxh6 27. Qf4+ Kg7 28. e5 Rc6 29. Qg5+ 1-0


[Site "https://www.chess.com"]

[Event "Titled Tuesday Blitz July 18 Early 2023"]
[White "ivana_999"]
[Black "Hrescak, Ivana"]
[BlackFideId "14613441"]
[WhiteElo "1930"]
[BlackElo "2100"]
[Result "0-1"]
[Round "9"]
[TimeControl "180+2"]
[Date "2023.07.18"]
[WhiteClock "0:00:11"]
[BlackClock "0:00:28"]
[Board "158"]

1. d4 d5 2. c4 c6 3. Nc3 Nf6 4. Nf3 dxc4 5. e4 b5 6. a4 b4 7. e5 bxc3 8. exf6 cxb2 9. Bxb2 Qa5+ 10. Qd2 Qxd2+ 11. Kxd2 exf6 12. Bxc4 Bb4+ 13. Bc3 Bxc3+ 14. Kxc3 O-O 15. d5 Ba6 16. Bxa6 Nxa6 17. dxc6 Rac8 18. Nd4 Nb8 19. Rac1 Nxc6 20. Nxc6 Rxc6+ 21. Kb4 Rb8+ 22. Ka3 Re6 23. Rb1 Rbe8 24. Rb2 g6 25. Rhb1 Re2 26. Rxe2 Rxe2 27. Rb2 Re7 28. Rb5 f5 29. Rd5 Re2 30. Rd8+ Kg7 31. Rd7 Rxf2 32. Rxa7 Rxg2 33. a5 f4 34. a6 f3 35. Rb7 f2 36. Rb1 Rg1 37. a7 Rxb1 38. a8=Q Ra1+ 39. Kb4 Rxa8 0-1


[Site "https://www.chess.com"]

[Event "Titled Tuesday Blitz July 18 Early 2023"]
[White "Saim, Mohamed Ilias"]
[Black "Goughfather"]
[WhiteFideId "7900465"]
[WhiteElo "1911"]
[BlackElo "2003"]
[Result "1-0"]
[Round "9"]
[TimeControl "180+2"]
[Date "2023.07.18"]
[WhiteClock "0:00:05"]
[BlackClock "0:00:00"]
[Board "159"]

1. c4 c6 2. g3 d5 3. Bg2 Nf6 4. Nf3 e6 5. O-O Be7 6. b3 O-O 7. Bb2 Nbd7 8. d3 b6 9. Nbd2 Bb7 10. a3 c5 11. Re1 d4 12. e4 e5 13. Nh4 g6 14. f4 Nh5 15. f5 Bxh4 16. gxh4 Qxh4 17. Nf3 Qe7 18. Bc1 Kh8 19. Bh6 Ng7 20. Rf1 Nf6 21. Bg5 Qd6 22. Qe1 gxf5 23. exf5 Nxf5 24. Nxe5 Bxg2 25. Rxf5 Nd7 26. Nxd7 f6 27. Nxf8 fxg5 28. Kxg2 Rxf8 29. Rxf8+ Qxf8 30. Qf2 Qa8+ 31. Qf3 Qe8 32. Rf1 Kg7 33. Qf6+ Kg8 34. Qxg5+ Kh8 35. Qf6+ Kg8 36. Rf2 a6 37. Qg5+ Kh8 38. Qf6+ Kg8 39. Qf3 1-0


[Site "https://www.chess.com"]

[Event "Titled Tuesday Blitz July 18 Early 2023"]
[White "Navyblue1"]
[Black "Winkels, Marcel"]
[BlackFideId "1003887"]
[WhiteElo "1853"]
[BlackElo "2070"]
[Result "0-1"]
[Round "9"]
[TimeControl "180+2"]
[Date "2023.07.18"]
[WhiteClock "0:00:16"]
[BlackClock "0:01:41"]
[Board "160"]

1. d4 Nf6 2. c4 g6 3. Nc3 d5 4. Nf3 Bg7 5. Qb3 dxc4 6. Qxc4 O-O 7. e4 a6 8. Bf4 b5 9. Qxc7 Qxc7 10. Bxc7 b4 11. Nd5 Nxd5 12. exd5 Bg4 13. Be5 Bxf3 14. Bxg7 Kxg7 15. gxf3 Nd7 16. Bc4 Nb6 17. b3 Rfd8 18. O-O Nxd5 19. Bxd5 Rxd5 20. Rad1 Rad8 21. Rfe1 e6 22. Re4 e5 23. Rd3 Rxd4 24. Rde3 Rxe4 25. Rxe4 Kf6 26. Rxb4 Rd2 27. Rb6+ Kf5 28. Rxa6 Kf4 29. Kg2 f5 30. Ra4+ e4 31. fxe4 fxe4 32. Rd4 Rxd4 33. a4 Rb4 34. a5 Rxb3 0-1


[Site "https://www.chess.com"]

[Event "Titled Tuesday Blitz July 18 Early 2023"]
[White "Galperin, Platon"]
[Black "Nakamura, Hikaru"]
[WhiteFideId "14165414"]
[BlackFideId "2016192"]
[WhiteElo "2998"]
[BlackElo "3263"]
[Result "1-0"]
[Round "10"]
[TimeControl "180+2"]
[Date "2023.07.18"]
[WhiteClock "0:00:03"]
[BlackClock "0:00:21"]
[Board "1"]

1. d4 a6 2. e4 c6 3. Nf3 d5 4. e5 Bf5 5. c4 e6 6. Nc3 dxc4 7. Bxc4 Nd7 8. O-O Nb6 9. Bd3 Bxd3 10. Qxd3 Ne7 11. Bg5 Qd7 12. Ne4 Ng6 13. h4 h6 14. h5 hxg5 15. hxg6 g4 16. Nfg5 fxg6 17. Nd6+ Bxd6 18. Qxg6+ Kf8 19. exd6 Kg8 20. Qxe6+ Qxe6 21. Nxe6 Rh6 22. Rfe1 Re8 23. Ng5 Rd8 24. Re7 Nc8 25. Nf7 Nxe7 26. dxe7 Re8 27. Nxh6+ gxh6 28. Re1 Kf7 29. Kh2 Rxe7 30. Rxe7+ Kxe7 31. Kg3 h5 32. Kh4 Kf6 33. Kxh5 Kf5 34. g3 a5 35. a3 a4 36. Kh4 b6 37. Kh5 b5 38. Kh4 Ke4 39. Kxg4 b4 40. axb4 Kd3 41. d5 cxd5 42. b5 d4 43. b6 Kc2 44. b7 d3 45. b8=Q d2 46. Qc7+ Kxb2 47. Qd6 Kc2 48. Qc5+ Kd3 49. Qd5+ Kc3 50. Qc5+ Kd3 51. Qb5+ Ke4 52. Qxa4+ 1-0


[Site "https://www.chess.com"]

[Event "Titled Tuesday Blitz July 18 Early 2023"]
[White "Dubov, Daniil"]
[Black "Basso, Pier Luigi"]
[WhiteFideId "24126055"]
[BlackFideId "866970"]
[WhiteElo "3118"]
[BlackElo "2758"]
[Result "0-1"]
[Round "10"]
[TimeControl "180+2"]
[Date "2023.07.18"]
[WhiteClock "0:00:04"]
[BlackClock "0:00:27"]
[Board "2"]

1. c4 c6 2. Nf3 d5 3. g3 Bg4 4. Ne5 Bf5 5. cxd5 Qxd5 6. Nf3 Bxb1 7. Rxb1 Qxa2 8. Qc2 e6 9. e4 Na6 10. Bxa6 Qxa6 11. b3 Nf6 12. Bb2 Rd8 13. Ra1 Qd3 14. Qxd3 Rxd3 15. Ke2 Rxb3 16. Bxf6 gxf6 17. Rxa7 Kd7 18. Rc1 Rb4 19. d3 Bd6 20. Rc2 Kc7 21. Nd2 Rd8 22. h4 Rb5 23. d4 e5 24. d5 Bc5 25. Ra4 cxd5 26. exd5 f5 27. g4 Rxd5 28. gxf5 Rd4 29. Rxd4 exd4 30. Ne4 Kc6 31. Kd3 b6 32. Nf6 Rb3+ 33. Ke4 Rh3 34. Ke5 d3 35. Rc1 d2 36. Rd1 Bb4 37. Ne4 Rxh4 38. Nxd2 Bc3# 0-1


[Site "https://www.chess.com"]

[Event "Titled Tuesday Blitz July 18 Early 2023"]
[White "Martinez Alcantara, Jose Eduardo"]
[Black "Carlsen, Magnus"]
[WhiteFideId "3805662"]
[BlackFideId "1503014"]
[WhiteElo "3037"]
[BlackElo "3274"]
[Result "1-0"]
[Round "10"]
[TimeControl "180+2"]
[Date "2023.07.18"]
[WhiteClock "0:00:03"]
[BlackClock "0:00:00"]
[Board "3"]

1. e4 a6 2. d4 c6 3. c4 d5 4. exd5 cxd5 5. Nc3 Nf6 6. Nf3 Nc6 7. cxd5 Nxd5 8. Bc4 Be6 9. Bb3 Nxc3 10. bxc3 Bxb3 11. axb3 e6 12. O-O Be7 13. Be3 O-O 14. Qe2 Rc8 15. Rfd1 Bf6 16. c4 Qe7 17. Rac1 Rfd8 18. h3 h6 19. d5 exd5 20. cxd5 Nb8 21. Rxc8 Rxc8 22. Qd2 Qe4 23. d6 Nd7 24. Bd4 Bxd4 25. Nxd4 Qd5 26. Qf4 Rc6 27. Re1 Qxd6 28. Re8+ Nf8 29. Qe3 Rc5 30. g4 g6 31. Qxh6 Re5 32. Nf5 gxf5 33. Qxd6 Rxe8 34. gxf5 Nh7 35. Qd7 Re5 36. Qd8+ Kg7 37. Qd4 f6 38. Qd7+ Kh6 39. Qxb7 Rb5 40. Qf7 Rxf5 41. Qe6 Rb5 42. h4 a5 43. Qe3+ Kg7 44. Kh2 Rb4 45. Qa7+ Kh6 46. Qe3+ Kh5 47. Qc3 Rxh4+ 48. Kg3 Rg4+ 49. Kf3 Rg5 50. Ke2 Kg6 51. f4 Rf5 52. Qd3 Nf8 53. Qe4 Nh7 54. Qe8+ Kg7 55. Qd7+ Kg6 56. Kf3 Rh5 57. Qe8+ Kh6 58. Kg4 f5+ 59. Kg3 Nf6 60. Qf7 Ne4+ 61. Kg2 Rh4 62. Qe6+ 1-0


[Site "https://www.chess.com"]

[Event "Titled Tuesday Blitz July 18 Early 2023"]
[White "Sarana, Alexey"]
[Black "Firouzja, Alireza"]
[WhiteFideId "24133795"]
[BlackFideId "12573981"]
[WhiteElo "3035"]
[BlackElo "3114"]
[Result "0-1"]
[Round "10"]
[TimeControl "180+2"]
[Date "2023.07.18"]
[WhiteClock "0:00:10"]
[BlackClock "0:01:51"]
[Board "4"]

1. d4 Nf6 2. c4 g6 3. Nc3 Bg7 4. e4 d6 5. Bd3 O-O 6. Nge2 Nc6 7. O-O Nd7 8. Be3 e5 9. d5 Ne7 10. g4 Nc5 11. f3 f5 12. Bxc5 dxc5 13. exf5 gxf5 14. Ng3 e4 15. fxe4 fxg4 16. Nf5 Nxf5 17. exf5 Qg5 18. Qe2 Bd7 19. Ne4 Bd4+ 20. Kh1 Qh4 21. Ng3 Rae8 22. Qd2 Re3 23. Ne2 Be5 24. Nf4 Rf3 25. Rxf3 gxf3 26. Ne6 f2 27. Kg2 Qxh2+ 28. Kf1 Bxe6 29. Qg5+ Kh8 30. dxe6 Qh1+ 31. Ke2 Qxa1 32. Kxf2 Qxb2+ 33. Kf3 Bf6 34. Qh6 Rg8 35. e7 Qg2+ 36. Ke3 Bg5+ 0-1


[Site "https://www.chess.com"]